 Dungeon Crawl Stone Soup version 0.28-a0-586-gbdb9d174a4 (webtiles) character file.

Game seed: 16563544674501551206

18 Notrik the Skirmisher (level 2, -5/27 HPs)
             Began as a Minotaur Fighter on Oct 3, 2021.
             Slain by a kobold (16 damage)
             ... on level 1 of the Dungeon.
             The game lasted 00:01:22 (566 turns).

Notrik the Skirmisher (Minotaur Fighter)             Turns: 566, Time: 00:01:23

Health: -5/27      AC:  7    Str: 20    XL:     2   Next: 51%
Magic:  1/1        EV:  9    Int:  5    God:
Gold:   29         SH:  4    Dex:  9    Spells: 1/1 levels left

rFire   . . .      SeeInvis .   a - +0 war axe
rCold   . . .      Faith    .   c - +0 buckler
rNeg    . . .      Spirit   .   b - +0 scale mail
rPois   .          Reflect  .   (helmet restricted)
rElec   .          Harm     .   (no cloak)
rCorr   .          Rampage  .   (no gloves)
Will    .....                   (no boots)
Stlth   ..........              (no amulet)
HPRegen 0.09/turn               (no ring)
MPRegen 0.07/turn               (no ring)

@: no status effects
A: horns 2, retaliatory headbutt
a: no special abilities


You were on level 1 of the Dungeon.
You visited 1 branch of the dungeon, and saw 1 of its levels.

You collected 29 gold pieces.

Inventory:

Hand Weapons
 a - a +0 war axe (weapon)
Armour
 b - a +0 scale mail (worn)
 c - a +0 buckler (worn)
Scrolls
 f - a scroll of teleportation {unknown}
Potions
 d - 2 potions of might
 e - a potion of heal wounds {unknown}
 g - a potion of ambrosia {unknown}


   Skills:
 * Level 4.1 Fighting
 + Level 2.7 Axes
 - Level 3.8 Armour
 - Level 3.9 Shields


You had one spell level left.
You didn't know any spells.
Your spell library was empty.

Dungeon Overview and Level Annotations

Branches:
Dungeon (1/15)

Altars:

Shops:
D:1 :


Innate Abilities, Weirdness & Mutations

You have a pair of horns on your head.
You reflexively headbutt those who attack you in melee.


Message History

No target in view!
No target in view!
No target in view!
No target in view!
You now have 19 gold pieces (gained 7).
You now have 29 gold pieces (gained 10).
You open the door.
A kobold comes into view.
It is wielding a +0 dagger of electrocution.
The kobold shouts!
Found a faded altar of an unknown god.
There is an open door here.
The kobold hits you but does no damage.
You barely miss the kobold. You hit the withered plant.
The withered plant begins to crumble.
The kobold hits you but does no damage.
You are electrocuted!
Ouch! That really hurt!
You are too injured to fight recklessly!
You are too injured to fight recklessly!
You are too injured to fight recklessly!
You are too injured to fight recklessly!
You are too injured to fight recklessly!
You are too injured to fight recklessly!
You are too injured to fight recklessly!
You are too injured to fight recklessly!
You are too injured to fight recklessly!
You are too injured to fight recklessly!
You are too injured to fight recklessly!
You are too injured to fight recklessly!
You are too injured to fight recklessly!
You are too injured to fight recklessly!
You are too injured to fight recklessly!
You are too injured to fight recklessly!
You are too injured to fight recklessly!
You are too injured to fight recklessly!
Unknown command.
You barely miss the kobold. You slash the withered plant!
The kobold hits you with a +0 dagger of electrocution.
You are electrocuted!
Ouch! That really hurt!
You die...

#..##########.# #.......#
#.............########.####
#.###.#..#........# #.#
#.................# #.#
########.##.......# #.#
####..........####.####
#.............#.......#
#...###'###...#.##.##.#
#.###..P@.#####.##....# #.
#P..K.# #.####..# # #...P.#
#.......### #.....#
#####...... ##...##
####...... ##.## #.........
#_# #.##...†.. #P ..
#...... ## #......


You could see a kobold.

Vanquished Creatures
  A bat (D:1)
  4 endoplasms (D:1)
  4 goblins (D:1)
  2 hobgoblins (D:1)
  A frilled lizard (D:1)
  4 rats (D:1)
16 creatures vanquished.

Notes
Turn   | Place    | Note
-------+----------+-------------------------------------------
     0 | D:1      | Notrik the Minotaur Fighter began the quest for the Orb.
     0 | D:1      | Reached XP level 1. HP: 19/19 MP: 0/0
   345 | D:1      | Reached XP level 2. HP: 27/27 MP: 1/1
   362 | D:1      | Found Enge's Book Emporium.
   394 | D:1      | Reached skill level 4 in Fighting
   563 | D:1      | Found a faded altar of an unknown god.
   566 | D:1      | Slain by a kobold

Illustrated notes

Levels and vault maps discovered:
D:1:      sevenhm_arrival_forest_fort_small_4, layout_loops_cross,
          shapermc_ecumenical_altar_flowoftime, serial_shops, shop,
          chequers_jeans

Skill      XL: |  1  2 |
---------------+-------+-----
Fighting       | 4 |  4.1
Axes           | |  2.7
Armour         | |  3.8
Shields        | |  3.9

Action                   || total
-------------------------++-------
Melee: War axe           ||    30
       Headbutt          ||     4
Armor: Scale mail        ||    18
Dodge: Dodged            ||    11
Block: Buckler           ||     7

Table legend: (Time is in decaauts)
 A = Elapsed time spent in this place.
 B = Non-inter-level travel time spent in this place.
 C = Inter-level travel time spent in this place.
 D = Time resting spent in this place.
 E = Time spent auto-exploring this place.
 F = Levels seen in this place.
 G = Mean time per level.
                   A        B        C        D        E       F      G
               +--------+--------+--------+--------+--------+-----+--------+
         Total |    581 |    581 |      0 |      0 |    483 |   1 |  581.0 |
       Dungeon |    581 |    581 |      0 |      0 |    483 |   1 |  581.0 |
               +--------+--------+--------+--------+--------+-----+--------+

Top non-repeatable levels by time:
     D:1: 581 daAuts
